AoeStats
← pollitorampa

Oasis

509160533Analyzed
2v2 RM · 5d ago on Sep 25, 2026· 28m 44s· 4 players
Game mode
Random Map
Map size
Medium (4 player)
Population
200
Speed
Normal
Resources
Standard
Victory
Conquest
Starting age
Dark Age
Ending age
Imperial Age
RankedLock teamsTeams togetherTeam positionsShared explorationLock speedFull tech treeHidden civsTurbo modeCheats
Victory
Defeat
🇦🇷 Spanish · Argentina
1161
+16
🇦🇷 Celts · Argentina
1161
+16
🇦🇷 Cumans · Argentina
1163
-16
🇦🇷 Ethiopians · Argentina
1157
-16
LucasViola27
13:35 Feudal Age
14:20 Double-Bit Axe
14:19 Horse Collar
14:26 Man-at-Arms
14:55 Arson
22:21 Castle Age
20:08 Loom
22:48 Wheelbarrow
23:42 Bow Saw
24:30 Heavy Plow
29:17 Imperial Age
26:50 Fletching
27:13 Bloodlines
pollitorampa
8:44 Loom
11:35 Feudal Age
12:42 Double-Bit Axe
17:11 Castle Age
18:07 Horse Collar
19:56 Wheelbarrow
21:58 Town Watch
22:33 Bow Saw
31:08 Imperial Age
PAULXI
11:09 Feudal Age
16:24 Castle Age
14:31 Horse Collar
14:59 Double-Bit Axe
17:20 Wheelbarrow
17:54 Bow Saw
18:47 Heavy Plow
21:08 Scale Mail Armor
21:19 Forging
22:33 Chain Mail Armor
27:17 Hand Cart
27:50 Gold Mining
jbeltrankrisciunas
12:12 Feudal Age
13:22 Double-Bit Axe
14:24 Loom
17:57 Castle Age
16:41 Horse Collar
18:32 Loom
25:39 Padded Archer Armor
26:50 Husbandry
Connection lost

Rejoining the realm…

Still unreachable

The connection could not be restored.

Session expired

The server has moved on; the page needs a fresh start.